TOP OF THE 1ST |
La Crosse Loggers batting - Pitching for Moose Jaw Ghostbusters : RHP Bill Jones
|
Pitching: RHP Bill Jones
|
|
Batting: RHB Jon Kenney
|
0-0: Ball 1-0: Ball 2-0: Ball 3-0: Called Strike 3-1: Base on Balls
|
Batting: RHB Sam Gates
|
0-0: SINGLE (Line Drive, 78S) Jon Kenney to second
|
Batting: RHB Ron Shook
|
0-0: Swinging Strike 0-1: Swinging Strike 0-2: Strikes out looking
|
Batting: LHB Ricardo Ruíz
|
0-0: Ball Jon Kenney steals 3rd base Sam Gates to second 1-0: Fly out, F8 (Flyball, 8RM) Runner from 3rd tags up, SCORES, no throw
|
Batting: LHB Oliver Beltrán
|
0-0: Swinging Strike 0-1: Swinging Strike 0-2: Ball 1-2: Ball 2-2: Strikes out swinging
|
Top of the 1st over - 1 run(s), 1 hit(s), 0 error(s), 1 left on base; La Crosse 1 - Moose Jaw 0 |
BOTTOM OF THE 1ST |
Moose Jaw Ghostbusters batting - Pitching for La Crosse Loggers : RHP Tony López
|
Pitching: RHP Tony López
|
|
Batting: LHB Dave Stewart
|
0-0: Ball 1-0: Called Strike 1-1: Ball 2-1: Ball 3-1: SINGLE (Groundball, 34D)
|
Batting: RHB Luis Miguel Sánchez
|
0-0: Swinging Strike 0-1: Grounds into double play, 6-4-3 (Groundball, 6)
|
Batting: LHB Will Vale
|
0-0: Ball 1-0: Fly out, F8 (Line Drive, 8LS)
|
Bottom of the 1st over - 0 run(s), 1 hit(s), 0 error(s), 0 left on base; La Crosse 1 - Moose Jaw 0 |
TOP OF THE 2ND |
La Crosse Loggers batting - Pitching for Moose Jaw Ghostbusters : RHP Bill Jones
|
Batting: RHB Luis Ríos
|
0-0: Called Strike 0-1: Ball 1-1: Ball 2-1: Foul Ball, location: 2F 2-2: Strikes out looking
|
Batting: RHB José Ríos
|
0-0: Ball 1-0: Called Strike 1-1: Called Strike 1-2: Strikes out swinging
|
Batting: RHB Fraser Stanton
|
0-0: Swinging Strike 0-1: Fly out, F4 (Line Drive, 4M)
|
Top of the 2nd over - 0 run(s), 0 hit(s), 0 error(s), 0 left on base; La Crosse 1 - Moose Jaw 0 |
BOTTOM OF THE 2ND |
Moose Jaw Ghostbusters batting - Pitching for La Crosse Loggers : RHP Tony López
|
Batting: RHB Paco Hernández
|
0-0: Foul Ball, location: 2F 0-1: Foul Ball, location: 2F 0-2: Strikes out swinging
|
Batting: LHB Bartolo Villanueva
|
0-0: Ball 1-0: SINGLE (Line Drive, 89M)
|
Batting: RHB John Major
|
0-0: Fly out, F8 (Flyball, 8LD)
|
Batting: RHB Aaron Wilson
|
0-0: Ball 1-0: Ball 2-0: Called Strike 2-1: Ball 3-1: Swinging Strike 3-2: Strikes out swinging
|
Bottom of the 2nd over - 0 run(s), 1 hit(s), 0 error(s), 1 left on base; La Crosse 1 - Moose Jaw 0 |
TOP OF THE 3RD |
La Crosse Loggers batting - Pitching for Moose Jaw Ghostbusters : RHP Bill Jones
|
Batting: RHB Jimmy Smith
|
0-0: Foul Ball, location: 2F 0-1: Foul Ball, location: 2F 0-2: Foul Ball, location: 2F 0-2: Ball 1-2: Ball 2-2: Fly out, F8 (Line Drive, 8LD)
|
Batting: RHB Jon Kenney
|
0-0: Foul Ball, location: 2F 0-1: Ball 1-1: Foul Ball, location: 2F 1-2: Strikes out looking
|
Batting: RHB Sam Gates
|
0-0: Ball 1-0: Foul Ball, location: 2F 1-1: Foul Ball, location: 2F 1-2: SINGLE (Groundball, 5D)
|
Batting: RHB Ron Shook
|
0-0: Ground out 1-3 (Groundball, 15)
|
Top of the 3rd over - 0 run(s), 1 hit(s), 0 error(s), 1 left on base; La Crosse 1 - Moose Jaw 0 |
BOTTOM OF THE 3RD |
Moose Jaw Ghostbusters batting - Pitching for La Crosse Loggers : RHP Tony López
|
Batting: RHB Alberto Sandoval
|
0-0: Ball 1-0: Ground out 5-3 (Groundball, 56)
|
Batting: LHB Carlos López
|
0-0: Called Strike 0-1: Foul Ball, location: 2F 0-2: SINGLE (Groundball, 4M)
|
Batting: LHB Dave Stewart
|
0-0: Swinging Strike 0-1: Foul Ball, location: 2F 0-2: Strikes out looking
|
Batting: RHB Luis Miguel Sánchez
|
0-0: Called Strike 0-1: Foul Ball, location: 2F 0-2: Ball 1-2: TRIPLE (Line Drive, 78D) Carlos López scores
|
Batting: LHB Will Vale
|
0-0: Fly out, F7 (Flyball, 7M)
|
Bottom of the 3rd over - 1 run(s), 2 hit(s), 0 error(s), 1 left on base; La Crosse 1 - Moose Jaw 1 |
TOP OF THE 4TH |
La Crosse Loggers batting - Pitching for Moose Jaw Ghostbusters : RHP Bill Jones
|
Batting: LHB Ricardo Ruíz
|
0-0: Ground out 5-3 (Groundball, 56S)
|
Batting: LHB Oliver Beltrán
|
0-0: Foul Ball, location: 2F 0-1: Foul Ball, location: 2F 0-2: Foul Ball, location: 2F 0-2: Ball 1-2: Strikes out swinging
|
Batting: RHB Luis Ríos
|
0-0: Fly out, F2 (Popup, 2LF)
|
Top of the 4th over - 0 run(s), 0 hit(s), 0 error(s), 0 left on base; La Crosse 1 - Moose Jaw 1 |
BOTTOM OF THE 4TH |
Moose Jaw Ghostbusters batting - Pitching for La Crosse Loggers : RHP Tony López
|
Batting: RHB Paco Hernández
|
0-0: Ball 1-0: Fly out, F9 (Line Drive, 9S)
|
Batting: LHB Bartolo Villanueva
|
0-0: Called Strike 0-1: SINGLE (Line Drive, 5L)
|
Batting: RHB John Major
|
0-0: Ball 1-0: Called Strike 1-1: Fly out, F9 (Flyball, 9LM)
|
Batting: RHB Aaron Wilson
|
0-0: Ball 1-0: Called Strike 1-1: Ball 2-1: Fly out, F9 (Flyball, 9M)
|
Bottom of the 4th over - 0 run(s), 1 hit(s), 0 error(s), 1 left on base; La Crosse 1 - Moose Jaw 1 |
TOP OF THE 5TH |
La Crosse Loggers batting - Pitching for Moose Jaw Ghostbusters : RHP Bill Jones
|
Batting: RHB José Ríos
|
0-0: Ball 1-0: Ground out 1-3 (Groundball, 23)
|
Batting: RHB Fraser Stanton
|
0-0: SINGLE (Line Drive, 78M)
|
Batting: RHB Jimmy Smith
|
0-0: Ball 1-0: Called Strike Fraser Stanton steals 2nd base 1-1: Intentional Walk
|
Batting: RHB Jon Kenney
|
0-0: Swinging Strike 0-1: Ball 1-1: Ball 2-1: Called Strike 2-2: Ball 3-2: Base on Balls Fraser Stanton to third Jimmy Smith to second
|
Batting: RHB Sam Gates
|
0-0: Ball 1-0: Ball 2-0: Called Strike 2-1: Foul Ball, location: 2F 2-2: Ball 3-2: Base on Balls Fraser Stanton scores Jimmy Smith to third Jon Kenney to second
|
Batting: RHB Ron Shook
|
0-0: Ball 1-0: Grounds into double play, 6-4-3 (Groundball, 6)
|
Top of the 5th over - 1 run(s), 1 hit(s), 0 error(s), 2 left on base; La Crosse 2 - Moose Jaw 1 |
BOTTOM OF THE 5TH |
Moose Jaw Ghostbusters batting - Pitching for La Crosse Loggers : RHP Tony López
|
Batting: RHB Alberto Sandoval
|
0-0: Called Strike 0-1: Reached on error, E6 (Groundball, 6M)
|
Batting: LHB Carlos López
|
0-0: Ball 1-0: Fly out, F8 (Flyball, 8LD)
|
Batting: LHB Dave Stewart
|
0-0: Ball 1-0: Fly out, F7 (Flyball, 78S)
|
Batting: RHB Luis Miguel Sánchez
|
0-0: SINGLE (Groundball, 6MD) Alberto Sandoval to second
|
Batting: LHB Will Vale
|
0-0: Swinging Strike 0-1: Swinging Strike 0-2: Foul Ball, location: 2F 0-2: Ball 1-2: Foul Ball, location: 2F 1-2: Ball 2-2: Ball 3-2: Base on Balls Alberto Sandoval to third Luis Miguel Sánchez to second
|
Batting: RHB Paco Hernández
|
0-0: Called Strike 0-1: Foul Ball, location: 2F 0-2: Ball 1-2: Ball 2-2: Ball 3-2: Base on Balls Alberto Sandoval scores Luis Miguel Sánchez to third Will Vale to second
|
Batting: LHB Bartolo Villanueva
|
0-0: Ball 1-0: Ball 2-0: Fly out, F7 (Flyball, 7M)
|
Bottom of the 5th over - 1 run(s), 1 hit(s), 1 error(s), 3 left on base; La Crosse 2 - Moose Jaw 2 |
TOP OF THE 6TH |
La Crosse Loggers batting - Pitching for Moose Jaw Ghostbusters : RHP Bill Jones
|
Batting: LHB Ricardo Ruíz
|
0-0: Ball 1-0: Ball 2-0: Foul Ball, location: 2F 2-1: Foul Ball, location: 2F 2-2: Ground out 5-3 (Groundball, 5D)
|
Batting: LHB Oliver Beltrán
|
0-0: Ball 1-0: Ball 2-0: Ball 3-0: Called Strike 3-1: Foul Ball, location: 2F 3-2: Ground out 4-3 (Groundball, 4)
|
Batting: RHB Luis Ríos
|
0-0: Called Strike 0-1: Foul Ball, location: 2F 0-2: Ball 1-2: Ball 2-2: SINGLE (Line Drive, 9S)
|
Batting: RHB José Ríos
|
0-0: Called Strike 0-1: Ball 1-1: Ball 2-1: Foul Ball, location: 2F 2-2: Fielders Choice at 2nd, 5-4 (Groundball, 56)
|
Top of the 6th over - 0 run(s), 1 hit(s), 0 error(s), 0 left on base; La Crosse 2 - Moose Jaw 2 |
BOTTOM OF THE 6TH |
Moose Jaw Ghostbusters batting - Pitching for La Crosse Loggers : RHP Tony López
|
Batting: RHB John Major
|
0-0: Called Strike 0-1: Ball 1-1: Foul Ball, location: 2F 1-2: Strikes out swinging
|
Batting: RHB Aaron Wilson
|
0-0: Fly out, F7 (Flyball, 78M)
|
Batting: RHB Alberto Sandoval
|
0-0: SOLO HOME RUN (Line Drive, 7D), Distance : 394 ft
|
Batting: LHB Carlos López
|
0-0: Called Strike 0-1: Called Strike 0-2: Ball 1-2: Strikes out swinging
|
Bottom of the 6th over - 1 run(s), 1 hit(s), 0 error(s), 0 left on base; La Crosse 2 - Moose Jaw 3 |
TOP OF THE 7TH |
La Crosse Loggers batting - Pitching for Moose Jaw Ghostbusters : RHP Bill Jones
|
Batting: RHB Fraser Stanton
|
0-0: Called Strike 0-1: Fly out, F8 (Popup, 8RS)
|
Batting: RHB Jimmy Smith
|
0-0: Ball 1-0: Fly out, F7 (Flyball, 7M)
|
Batting: RHB Jon Kenney
|
0-0: Called Strike 0-1: Swinging Strike 0-2: Fly out, F2 (Popup, 2LF)
|
Top of the 7th over - 0 run(s), 0 hit(s), 0 error(s), 0 left on base; La Crosse 2 - Moose Jaw 3 |
BOTTOM OF THE 7TH |
Moose Jaw Ghostbusters batting - Pitching for La Crosse Loggers : RHP Tony López
|
Batting: LHB Dave Stewart
|
0-0: Ball 1-0: Swinging Strike 1-1: Ball 2-1: Fly out, F8 (Flyball, 8LM)
|
Batting: RHB Luis Miguel Sánchez
|
0-0: Ball 1-0: Ball 2-0: SINGLE (Flyball, 89S)
|
Pitching: RHP Cisco Vázquez
|
|
Batting: LHB Will Vale
|
0-0: Ball 1-0: Ball 2-0: Called Strike 2-1: Called Strike 2-2: Ball 3-2: Foul Ball, location: 2F 3-2: Base on Balls Luis Miguel Sánchez to second
|
Batting: RHB Paco Hernández
|
0-0: Ball 1-0: Foul Ball, location: 2F 1-1: Swinging Strike 1-2: Ball 2-2: Ball 3-2: Base on Balls Luis Miguel Sánchez to third Will Vale to second
|
Batting: LHB Bartolo Villanueva
|
0-0: Called Strike 0-1: Ball 1-1: Foul Ball, location: 2F 1-2: Ball 2-2: Fly out, F7 (Line Drive, 7S)
|
Batting: RHB John Major
|
0-0: Called Strike 0-1: DOUBLE (Groundball, 5L) Luis Miguel Sánchez scores Will Vale scores Paco Hernández to third
|
Batting: RHB Aaron Wilson
|
0-0: 3-RUN HOME RUN (Line Drive, 8LXD), Distance : 416 ft
|
Batting: RHB Alberto Sandoval
|
0-0: Foul Ball, location: 2F 0-1: Called Strike 0-2: Ball 1-2: Ground out 6-3 (Groundball, 6)
|
Bottom of the 7th over - 5 run(s), 3 hit(s), 0 error(s), 0 left on base; La Crosse 2 - Moose Jaw 8 |
TOP OF THE 8TH |
La Crosse Loggers batting - Pitching for Moose Jaw Ghostbusters : RHP Bill Jones
|
Pitching: RHP Whit Johnson
|
|
Batting: RHB Sam Gates
|
0-0: Called Strike 0-1: Fly out, F9 (Flyball, 9LMF)
|
Batting: RHB Ron Shook
|
0-0: Called Strike 0-1: Called Strike 0-2: Ball 1-2: Foul Ball, location: 2F 1-2: Ball 2-2: SINGLE (Line Drive, 9LM)
|
Batting: LHB Ricardo Ruíz
|
0-0: Ball 1-0: Called Strike 1-1: Ball 2-1: DOUBLE (Flyball, 89M) Ron Shook to third
|
Batting: LHB Oliver Beltrán
|
0-0: 3-RUN HOME RUN (Flyball, 89XD) (Inside the Park)
|
Pitching: RHP Raúl Saltines
|
|
Batting: RHB Luis Ríos
|
0-0: Foul Ball, location: 2F 0-1: Foul Ball, location: 2F 0-2: Strikes out swinging
|
Batting: RHB José Ríos
|
0-0: Ball 1-0: Swinging Strike 1-1: Swinging Strike 1-2: Foul Ball, location: 2F 1-2: Strikes out swinging
|
Top of the 8th over - 3 run(s), 3 hit(s), 0 error(s), 0 left on base; La Crosse 5 - Moose Jaw 8 |
BOTTOM OF THE 8TH |
Moose Jaw Ghostbusters batting - Pitching for La Crosse Loggers : RHP Cisco Vázquez
|
Pitching: RHP Andy Parker
|
|
Batting: LHB Carlos López
|
0-0: Ground out 6-3 (Groundball, 6M)
|
Batting: LHB Dave Stewart
|
0-0: Foul Ball, location: 2F 0-1: Ball 1-1: Swinging Strike 1-2: DOUBLE (Groundball, 5D)
|
Batting: RHB Luis Miguel Sánchez
|
0-0: Called Strike 0-1: Ground out U3 (Groundball, 3L) Dave Stewart to third
|
Batting: LHB Will Vale
|
0-0: Ground out U3 (Groundball, 3L)
|
Bottom of the 8th over - 0 run(s), 1 hit(s), 0 error(s), 1 left on base; La Crosse 5 - Moose Jaw 8 |
TOP OF THE 9TH |
La Crosse Loggers batting - Pitching for Moose Jaw Ghostbusters : RHP Raúl Saltines
|
Pitching: LHP Raúl Sandoval
|
|
Batting: RHB Fraser Stanton
|
0-0: Fly out, F9 (Flyball, 9M)
|
Batting: RHB Jimmy Smith
|
0-0: Foul Ball, location: 2F 0-1: Swinging Strike 0-2: Ball 1-2: Ball 2-2: Ball 3-2: Foul Ball, location: 2F 3-2: Foul Ball, location: 2F 3-2: Ground out 3-1 (Groundball, 34S)
|
Batting: RHB Jon Kenney
|
0-0: Ball 1-0: Called Strike 1-1: Swinging Strike 1-2: Ball 2-2: Fly out, F5 (Popup, 15)
|
Top of the 9th over - 0 run(s), 0 hit(s), 0 error(s), 0 left on base; La Crosse 5 - Moose Jaw 8 |
|